[Event "Susha Chess Blitz 2022"]
[Site "Shusha"]
[Date "2022.09.24"]
[Round "4"]
[White "Guseinov, Gadir"]
[Black "Vidit, Santosh Gujrathi"]
[Result "1/2-1/2"]
[ECO "B24"]
[WhiteElo "2661"]
[BlackElo "2710"]
[Annotator "TA"]
[PlyCount "152"]
[EventDate "2022.09.24"]
[EventType "tourn"]
[EventCountry "AZE"]
[SourceTitle "playchess.com"]
[Source "ChessBase"]
[SourceQuality "1"]
[TimeControl "180+2"]

1. e4 c5 2. Nc3 Nc6 3. Bb5 Nd4 4. Nf3 e6 5. O-O a6 6. Bd3 Nc6 {[%emt 0:00:01] B30: Sicilian: 2...Nc6 3 Bb5, lines without ...g6.} 7. a3 Nf6 8. e5 Ng4 9. Re1 d6 10. exd6 Bxd6 {[%emt 0:00:01] [#]} 11. h3 $146 ({Predecessor:} 11. Be4 Bd7 12. d3 Nge5 13. Nxe5 Nxe5 14. Bxb7 Rb8 15. Ne4 Be7 16. Bxa6 Bc6 17. Bf4 {1-0 (34) Jones,G (2670)-Vaishali,R (2393) Chess.com INT 2020}) 11... Nf6 12. Ne4 Be7 13. Nxf6+ Bxf6 14. Be4 Bd7 15. Rb1 O-O 16. b4 cxb4 17. axb4 b5 18. Bb2 Rc8 19. Bxf6 Qxf6 20. c3 Rfd8 21. Ra1 {[%emt 0:00:00] Inhibits a5.} Nb8 22. Qe2 Bc6 {[%emt 0:00:02] Inhibits Bb7.} 23. Nd4 Bd5 24. Qe3 g6 25. Bxd5 Rxd5 26. Nb3 Nc6 (26... Qd8 $14) 27. d4 (27. Rxa6 $16 {aiming for Nc5.} Qd8 28. Rb1) 27... Ne7 (27... e5 $1 $11) 28. Nc5 $16 (28. Rxa6 Rg5 $14) 28... Rc6 29. Nxa6 {[%emt 0:00:32] Black must now prevent Nc5.} Nf5 (29... Rg5 $16) 30. Qf3 $18 {[%emt 0:00:05] And now Nc5 would win.} Qg5 (30... Kg7 $142 31. Nc5 Nd6 32. Qxf6+ Kxf6) 31. Nc5 Nh4 32. Qg3 (32. Ra8+ Kg7 33. Qe4 Rf5 $18) 32... Qe7 (32... Qxg3 $142 33. fxg3 Nf5 34. Ra8+ Kg7) 33. Re5 Nf5 34. Qf4 Rd8 35. Qe4 Rc7 36. d5 (36. Qg4 $18) 36... Rxd5 (36... Nd6 $16 37. Qd4 Nc4) 37. Rxd5 exd5 38. Qxd5 Kg7 39. Rd1 Qf6 (39... h5 $16 40. c4 bxc4) 40. Ne4 Qe7 (40... Qc6 {was worth a try.} 41. Qxc6 Rxc6) 41. Qd3 $2 (41. f3 $18 {has better winning chances.}) 41... Qe5 42. Nc5 Re7 43. Qf3 ({Don't do} 43. Qxb5 $6 Qxc3 44. Nd3 Re4 $11) 43... h5 44. g3 Nd6 45. Qd3 {[%emt 0:00:05] White is more active.} Nc4 {[%emt 0:00:02] [#] Strongly threatening ...Nb2.} 46. h4 $2 (46. Nd7 $16 {and life is bright.} Qe6 47. Kg2) 46... Nb2 $1 $19 47. Qd4 (47. f4 Qf6 48. Nd7 Rxd7 49. Qxd7 Nxd1 50. Qxd1 Qxc3 51. Kf1) 47... Nxd1 48. Qxd1 Qxc3 {[%emt 0:00:05][%mdl 4096] Endgame KQR-KQN} 49. Qd6 Qe5 50. Qb6 Qe2 (50... Qd5 $142 {( -> ...Re1+)} 51. Nd3 Qxd3) 51. Qd6 Ra7 $2 (51... Qe1+ $19 52. Kg2 Qe5) 52. Qd4+ $11 Kh7 {[%emt 0:00:01] Threatens to win with ...Qe1+.} (52... f6 $5 53. Ne6+ $8 Qxe6 54. Qxa7+ Qf7 $11) 53. Ne6 $2 Qe1+ $19 ({Inferior is} 53... fxe6 54. Qxa7+ Kg8 55. Qe7 $11) 54. Kh2 {[%emt 0:00:03][%csl Ge6][%cal Rd4g7] [#]} Qxe6 $1 55. Qxa7 {[%emt 0:00:01] KQ-KQ. The position is equal.} Qc4 56. Qe7 Kg7 57. Qe5+ Kf8 58. Qd6+ Ke8 59. Kg2 Qe4+ 60. Kh2 Qc4 61. Qd2 Ke7 62. Qe3+ Kd6 63. Qd2+ Ke5 64. Qe3+ Kd5 65. Qe7 Kd4 66. Qe3+ $1 Kd5 67. Qe7 Kc6 68. Kg1 Qd5 69. Kh2 Qc4 70. Kg1 Kb6 71. Qd6+ Kb7 72. Kh2 Kc8 73. Kg1 Qc1+ 74. Kh2 Qc4 75. Kg1 Kb7 76. Kh2 Kc8 {[%emt 0:00:03] Weighted Error Value: White=0.57/Black=0.52} 1/2-1/2

[Event "Susha Chess Blitz 2022"]
[Site "Shusha"]
[Date "2022.09.24"]
[Round "4"]
[White "Durarbayli, Vasif"]
[Black "Maghsoodloo, Parham"]
[Result "0-1"]
[ECO "B94"]
[WhiteElo "2628"]
[BlackElo "2721"]
[Annotator "TA"]
[PlyCount "53"]
[EventDate "2022.09.24"]
[EventType "tourn"]
[EventCountry "AZE"]
[SourceTitle "playchess.com"]
[Source "ChessBase"]
[SourceQuality "1"]
[TimeControl "180+2"]

1. e4 c5 2. Nf3 d6 3. d4 cxd4 4. Nxd4 Nf6 5. Nc3 a6 6. Bg5 Nbd7 7. f4 {[%emt 0:00:01] 7.Qe2 is a critical line.} b5 (7... Qb6 $11) 8. Qe2 {[%emt 0:00:10] B94: Sicilian Najdorf: 6 Bg5 Nbd7.} (8. Bxf6 $5 Nxf6 9. e5 $14) 8... e5 9. Nc6 Qc7 10. Nb4 {[%emt 0:00:01] White has an edge.} Bb7 11. O-O-O {[%emt 0:00:04] [#]} Be7 $146 ({Predecessor:} 11... Rc8 12. g3 Qa5 13. fxe5 dxe5 14. Bxf6 Nxf6 15. Nbd5 b4 16. Qd3 Rd8 17. Nxf6+ gxf6 18. Qxd8+ Qxd8 19. Rxd8+ Kxd8 {0-1 (47) Kett,T (2272)-Bogner,S (2448) Dresden 2008}) 12. g4 Qa5 13. a3 Rc8 {[%emt 0:00:01][%cal Oc8c3] aiming for ...Rxc3!} 14. Bxf6 Nxf6 15. Ncd5 ({Wrong is} 15. g5 $2 {[#]} Rxc3 $1 16. gxf6 Rxa3 $1 17. bxa3 Qxa3+ 18. Kd2 Qxb4+ 19. c3 Qb2+ 20. Kd3 Qxe2+ 21. Kxe2 Bxf6 22. Rxd6 Ke7 $19) 15... Nxd5 16. exd5 O-O 17. Kb1 Rfe8 18. fxe5 dxe5 19. Qe4 Qb6 {[%emt 0:00:09] Prevents Nc6.} 20. Bd3 g6 21. Rhf1 Bxb4 22. axb4 Qd6 23. Be2 (23. Qe1 $11 {remains equal.}) 23... Red8 $17 24. h4 ({White should try} 24. Bf3) 24... Bxd5 25. Qe3 Qxb4 {[%emt 0:00:03][%cal Oc8c2] Strongly threatening ...Rxc2!} 26. Qxe5 Qc5 (26... Be6 $17 {White must now prevent ...Re8.} 27. Rxd8+ Rxd8) 27. Qf4 $2 {[%mdl 8192] Weighted Error Value: White=0.15 (very precise) /Black=0.17 (very precise)} (27. c4 $11 Re8 28. Qxd5 Qxd5 29. Rxd5 Rxe2 30. c5 (30. cxb5 axb5 31. Rxb5 Re4 $15)) 0-1

[Event "Susha Chess Blitz 2022"]
[Site "Shusha"]
[Date "2022.09.24"]
[Round "5"]
[White "Mamedyarov, Shakhriyar"]
[Black "Wang, Hao"]
[Result "1/2-1/2"]
[ECO "D53"]
[WhiteElo "2757"]
[BlackElo "2722"]
[Annotator "TA"]
[PlyCount "137"]
[EventDate "2022.09.24"]
[EventType "tourn"]
[EventCountry "AZE"]
[SourceTitle "playchess.com"]
[Source "ChessBase"]
[SourceQuality "1"]
[TimeControl "180+2"]

1. d4 Nf6 2. c4 e6 3. Nc3 d5 4. Bg5 Be7 5. e3 h6 6. Bh4 O-O 7. Qc2 Nbd7 {[%emt 0:00:03] D53: Queen's Gambit Declined: 4 Bg5 Be7: Early deviations.} 8. Rd1 c5 9. dxc5 Nxc5 10. Nf3 Qa5 11. cxd5 exd5 12. Be2 Nce4 13. O-O {[%emt 0:00:02][%cal Oc3d5] [#] Black must now prevent Nxd5!} Nxc3 14. bxc3 Bd7 {[%emt 0:00:02] [#]} 15. Qb2 $146 ({Predecessor:} 15. Rb1 b6 16. Ne5 Qa4 17. Qxa4 Bxa4 18. Ng4 Rac8 19. Bxf6 Bxf6 20. Nxf6+ gxf6 21. Rfc1 {½-½ (32) Kunin,V (2586)-Cvitan,O (2491) Zuerich 2016}) 15... Qb6 16. Rb1 Qxb2 17. Rxb2 b6 18. Ne5 Ba4 19. Ng4 Rac8 20. Bxf6 Bxf6 21. Nxf6+ gxf6 22. Rb4 Bc2 23. Rg4+ Kh8 24. c4 Rfd8 25. h3 Bg6 {[%emt 0:00:12] And now ...Bh5 would win.} 26. Rf4 Kg7 27. Rc1 dxc4 28. Rcxc4 ({Don't play} 28. Rfxc4 Rxc4 29. Rxc4 Rd2 $17) 28... Rxc4 29. Bxc4 $11 {[%emt 0:00:01][%mdl 4096] Endgame KRB-KRB} Rd2 30. g4 Rb2 31. a4 Rb4 32. Bb5 Rxf4 33. exf4 {[%emt 0:00:01] KB-KB} Bc2 34. f5 a6 35. Bxa6 Bxa4 36. Bb7 Bd7 37. Kg2 b5 38. Bd5 b4 39. Bb3 Bb5 40. Kg3 Be2 41. Kf4 Bf1 42. Kg3 Be2 43. f4 Bd3 44. Kf2 Bb5 45. Ke3 Bf1 46. h4 Bh3 47. Kf3 h5 48. gxh5 Bxf5 49. Ke3 $2 (49. h6+ $15 Kxh6 50. Bxf7) 49... Be6 50. Bc2 Kh6 $2 (50... b3 $19 51. Bd3 b2) 51. Kd4 $2 {[%emt 0:00:03][%mdl 8192] [#]} (51. f5 $17) 51... Kxh5 $2 (51... b3 $1 {mates} 52. Bd3 f5 53. Ke5 Kxh5 54. Bf1 Kxh4 55. Be2 Kg3 56. Bd1 b2 57. Bc2 Kf3 58. Bb1 Ke3 59. Bc2 Bc4 60. Bxf5 Bd3 61. Bxd3 Kxd3 62. Kd6 b1=Q 63. Ke7 Ke4 64. Kd6 Qb6+ 65. Ke7 Kxf4 66. Ke8 Kf5 67. Kd7 Qc5 68. Ke8 Ke6 69. Kd8 f6 70. Ke8 Qe7#) 52. f5 $17 Ba2 {[%emt 0:00:01] aiming for ...b3.} 53. Be4 Kxh4 54. Kc5 b3 55. Bd5 Kg5 56. Bxf7 $2 (56. Kd4 $17 {only move.}) 56... Kxf5 $19 57. Kb4 Ke4 58. Ka3 f5 59. Bg6 Ke5 60. Bxf5 Kxf5 61. Kb2 Ke4 62. Ka1 Kd3 63. Kb2 Kc4 64. Ka1 Kb4 65. Kb2 Kc4 66. Ka1 $1 Bb1 $2 67. Kxb1 $11 {[%emt 0:00:01] The position is equal.} Kc3 {[%emt 0:00:00] ( -> ...b2)} 68. Kc1 b2+ 69. Kb1 {[%emt 0:00:00] Weighted Error Value: White=0.40/Black=0.30} 1/2-1/2

[Event "Susha Chess Blitz 2022"]
[Site "Shusha"]
[Date "2022.09.24"]
[Round "5"]
[White "Kasimdzhanov, Rustam"]
[Black "Maghsoodloo, Parham"]
[Result "0-1"]
[ECO "B40"]
[WhiteElo "2670"]
[BlackElo "2721"]
[Annotator "TA"]
[PlyCount "152"]
[EventDate "2022.09.24"]
[EventType "tourn"]
[EventCountry "AZE"]
[SourceTitle "playchess.com"]
[Source "ChessBase"]
[SourceQuality "1"]
[TimeControl "180+2"]

1. e4 {[%emt 0:00:00] Atlas,V} c5 2. Nf3 e6 3. c3 Nf6 4. e5 Nd5 5. Bc4 b6 6. Bxd5 {[%emt 0:00:24] B22: Sicilian: 2 c3.} exd5 7. O-O Na6 8. d4 {[%emt 0:00:03] [#] White is slightly better.} Be7 $146 ({Predecessor:} 8... Nc7 9. Bg5 Be7 10. Bxe7 Qxe7 11. Na3 O-O 12. Nc2 d6 13. Ne3 dxe5 14. Nxe5 Qd6 {0-1 (35) Egin,V (2451)-Sadvakasov,D (2568) Kolkata 2001 CBM 085 [Atlas,V]}) 9. Re1 (9. dxc5 $14 Nxc5 10. b4 (10. Qxd5 Bb7 $11)) 9... Nc7 10. Nbd2 d6 (10... O-O $11 {keeps the balance.}) 11. exd6 $16 Qxd6 12. dxc5 bxc5 {[%emt 0:00:02] [#]} 13. Nc4 $1 Qa6 (13... Qd8 14. Nce5) 14. Nce5 {[%emt 0:01:14] Pair of Knights!} ({Not} 14. Qe2 Ne6 15. Ne3 Qxe2 16. Rxe2 Nf4 $11) (14. Bg5 $16 Be6 15. Bxe7 Kxe7 16. Ne3) 14... O-O $11 15. Ng6 hxg6 16. Rxe7 Qd6 17. Re1 Bg4 18. h3 Bxf3 19. Qxf3 Ne6 {[%emt 0:00:01] Inhibits Bf4.} 20. Bd2 Rab8 21. b3 a5 22. Rad1 a4 23. b4 Rfd8 24. Qd3 Qc6 25. bxc5 Nxc5 26. Qd4 Ne6 {[%emt 0:00:06] Inhibits Bg5.} 27. Qd3 (27. Qh4 $15 {feels stronger.}) 27... Rb2 $17 28. Bc1 (28. Ra1 $17) 28... Rxa2 $19 29. Qb1 Qc4 30. Be3 Qb3 31. Qd3 $2 (31. Qxb3 {keeps fighting.} axb3 32. Rb1) 31... Rc2 32. Ra1 Rxc3 33. Qa6 a3 (33... d4 $19 34. Bc1 Nc5) 34. Bd2 (34. Qa5 $17 {was worth a try.} Rdc8 35. Bd2) 34... Rd3 (34... Rc2 $1 $19 {[%cal Rc2d2] and Black stays clearly on top.} 35. Rxa3 Qb2 36. Rxe6 fxe6 37. Qxe6+ Kh7) 35. Bc1 Qc4 36. Rxa3 Rxa3 37. Qxa3 d4 38. Bd2 d3 39. Rc1 Qd5 {[%emt 0:00:01] Black is more active.} 40. Re1 Ra8 41. Qc3 Ra2 ({Black should try} 41... Rb8 42. Rc1 g5) 42. Kh2 $2 (42. Re3 $17) 42... Rc2 43. Qb4 Qd4 (43... g5 $1 $19 {Strongly threatening ...Kh7.} 44. Kg1 Nd4) 44. Qxd4 $15 Nxd4 {[%emt 0:00:01][%mdl 4096] Endgame KRB-KRN} 45. Rd1 {[%emt 0:00:00] [#] Black keeps a firm grip on the game.} (45. Re8+ $15 Kh7 46. Rd8) 45... Nb3 $1 $19 46. Be3 d2 47. Kg3 {[%emt 0:00:01] [#]} Rc1 $1 48. Rxd2 Nxd2 49. Bxd2 {[%emt 0:00:00] KR-KB} Rc2 50. Be3 f6 51. h4 Kf7 52. Kf3 Ke6 53. g3 Kd5 54. Ba7 Kc4 55. Be3 Kd3 56. Bb6 Kd2 57. Be3+ Ke1 58. Kg2 Ke2 59. Bb6 Rc3 60. Bd4 Rf3 61. Ba7 Rf5 62. Be3 Re5 63. Bd4 Rb5 {[%emt 0:00:02] ( -> ...g5)} 64. Ba7 $2 (64. Be3 $19) 64... g5 65. hxg5 Rxg5 66. Be3 Rf5 67. Bd4 Rd5 68. Be3 Rd3 69. Bc5 f5 (69... Rf3 $142 70. Bb6 f5 71. Bc5 g6 72. Kh3 g5 73. Kg2 f4 74. Bd4 Rd3 75. Bc5 Rd1 76. Ba7 Rf1 77. gxf4 gxf4 78. Bd4 Rd1 79. Bc5 Rd5 80. Be7 Ra5 81. Kg1 Rd5 82. Kg2 Rd1 83. Bc5 Rd5 84. Be7) 70. Be7 Rf3 {[%emt 0:00:01] Black mates.} 71. Bc5 g5 72. Bd4 Rd3 73. Bc5 f4 74. gxf4 gxf4 75. Bb6 f3+ 76. Kg3 Rd1 {[%emt 0:00:01] Weighted Error Value: White=0.31/Black=0.26 (precise)} 0-1

[Event "Susha Chess Blitz 2022"]
[Site "Shusha"]
[Date "2022.09.24"]
[Round "5"]
[White "Guseinov, Gadir"]
[Black "Mamedov, Rauf"]
[Result "1/2-1/2"]
[ECO "B34"]
[WhiteElo "2661"]
[BlackElo "2646"]
[Annotator "TA"]
[PlyCount "42"]
[EventDate "2022.09.24"]
[EventType "tourn"]
[EventCountry "AZE"]
[SourceTitle "playchess.com"]
[Source "ChessBase"]
[SourceQuality "1"]
[TimeControl "180+2"]

1. e4 c5 2. Nf3 Nc6 3. Nc3 g6 4. d4 cxd4 5. Nxd4 Bg7 6. Be3 Nf6 7. Be2 O-O 8. O-O d5 9. exd5 Nxd5 10. Nxd5 Qxd5 11. Bf3 Qc4 12. Nxc6 bxc6 13. c3 Be6 14. Re1 {[%emt 0:00:10][%cal Bf1e1,Be1e2,Be2d2][%mdl 32] B34: Sicilian: Accelerated Dragon with 5 Nc3: sidelines.} Bd5 {[%emt 0:00:09] [#]} 15. Qe2 $146 ({Better is} 15. Be2 Qe4 16. Bf1) ({Predecessor:} 15. Be2 Qe4 16. Bf1 Qf5 17. Qa4 Rfc8 18. Rad1 e5 19. Ba6 Rcb8 20. b4 Qg4 21. Bf1 a5 {1-0 (35) Balazs,A (1975)-Mervo,J (1991) Hungary 2012}) 15... Qxe2 $11 16. Rxe2 e6 17. Rc1 Bc4 (17... Bxf3 $11 18. gxf3 Rfd8) 18. Rd2 $14 Bd5 19. c4 Bxf3 {[%emt 0:00:14] The position is equal.} 20. gxf3 Rfb8 21. b3 a5 $1 {[%emt 0:00:11] Weighted Error Value: White=0.21 (precise) /Black=0.19 (very precise)} 1/2-1/2

[Event "Susha Chess Blitz 2022"]
[Site "Shusha"]
[Date "2022.09.24"]
[Round "5"]
[White "Durarbayli, Vasif"]
[Black "Yilmaz, Mustafa"]
[Result "0-1"]
[ECO "B20"]
[WhiteElo "2628"]
[BlackElo "2633"]
[Annotator "TA"]
[PlyCount "58"]
[EventDate "2022.09.24"]
[EventType "tourn"]
[EventCountry "AZE"]
[SourceTitle "playchess.com"]
[Source "ChessBase"]
[SourceQuality "1"]
[TimeControl "180+2"]

1. e4 c5 2. Ne2 Nf6 3. Nbc3 d6 4. h3 e5 5. d3 Nc6 6. g4 {[%emt 0:00:01] B23: Closed Sicilian: Lines without g3.} Be7 7. Bg2 {[%emt 0:00:24] [#]} Nd4 $146 ({Predecessor:} 7... h5 8. g5 Nh7 9. h4 f6 10. Nd5 fxg5 11. hxg5 Nxg5 12. Nec3 g6 13. Nxe7 Qxe7 {0-1 (36) Andreikin,D (2724)-Vachier Lagrave,M (2780) Jerusalem 2019}) 8. Ng3 {[%emt 0:00:10] White is slightly better.} g6 9. f4 (9. Bh6 $11) 9... h5 10. g5 Nh7 {[%emt 0:00:07] Threatens to win with ...exf4.} 11. h4 (11. Nd5 $15) 11... Bg4 $17 12. Nce2 {[%emt 0:00:00] [#]} (12. Nge2 $17) 12... f6 ({Better is} 12... exf4 $1 $19 13. Bxf4 f6) 13. c3 {[%emt 0:00:10] Hoping for gxf6.} Nxe2 {[%emt 0:00:07] Black is much more active. The white rooks are badly placed.} 14. Nxe2 exf4 15. Qa4+ $1 Bd7 16. Qb3 fxg5 17. hxg5 f3 $36 {[%emt 0:00:28][%mdl 2048] White is under strong pressure.} ({But not} 17... Bxg5 18. Nxf4 Qb6 19. Nxg6 Qxb3 20. axb3 $11) 18. Bxf3 Nxg5 19. Bg2 Ne6 20. O-O (20. e5 $1 $15) 20... Qb6 21. Qc2 (21. Nf4 $17 Nxf4 22. Bxf4) 21... O-O-O $19 22. a4 (22. Qb3 $142) 22... c4+ 23. d4 Rdf8 24. Be3 Qc7 25. d5 (25. Rxf8+ $17 Rxf8 26. Rf1) 25... Bg5 26. Bxa7 {[%emt 0:00:02] [#] This move loses the game for White.} (26. Qd2 $17 Bxe3+ 27. Qxe3) 26... Nc5 27. a5 (27. Bxc5 $142 dxc5 28. Kh1) 27... Bg4 (27... Qd8 $142 {( -> ...Be3+)} 28. Bxc5 dxc5) 28. Bb6 $2 (28. Kh2) 28... Be3+ 29. Kh1 Qe7 {Weighted Error Value: White=0.82/Black=0.36} 0-1

[Event "Susha Chess Blitz 2022"]
[Site "Shusha"]
[Date "2022.09.24"]
[Round "6"]
[White "Wang, Hao"]
[Black "Mamedyarov, Shakhriyar"]
[Result "1/2-1/2"]
[ECO "C77"]
[WhiteElo "2722"]
[BlackElo "2757"]
[Annotator "TA"]
[PlyCount "114"]
[EventDate "2022.09.24"]
[EventType "tourn"]
[EventCountry "AZE"]
[SourceTitle "playchess.com"]
[Source "ChessBase"]
[SourceQuality "1"]
[TimeControl "180+2"]

1. e4 e5 2. Nf3 Nc6 3. Bb5 a6 4. Ba4 Nf6 5. d3 b5 6. Bb3 Bc5 7. Nc3 {[%emt 0:00:03] 7.c3 is a critical line.} h6 {[%emt 0:00:06] C77: Ruy Lopez: 3...a6 4 Ba4 Nf6, unusual lines.} 8. Nd5 d6 9. c3 Rb8 10. O-O O-O 11. h3 Nxd5 12. Bxd5 Ne7 13. Bb3 Ng6 {[%emt 0:00:05] has lost popularity (13...Bb6).} 14. d4 Bb6 15. Re1 Qf6 16. Be3 {[%emt 0:00:04] [#]} c5 $146 ({Predecessor:} 16... Nf4 17. a4 Nxh3+ 18. gxh3 Bxh3 19. Kh2 Bg4 20. Kg3 Bh5 21. Rg1 c5 22. d5 Qg6+ {1-0 (51) Martirosyan,H (2616)-Sanal,V (2511) Chess.com INT 2019}) 17. dxc5 dxc5 18. Bd5 c4 19. b3 Be6 20. Bxe6 (20. bxc4 {keeps more tension.} bxc4 21. Rb1 Bxd5 22. Qxd5 Rfd8 23. Qxc4 Bxe3 24. fxe3 Rbc8 25. Qb3) 20... Qxe6 21. Bxb6 Rxb6 22. Qd5 Rc8 (22... Qe7 $15 {feels stronger.} 23. Rad1 cxb3) 23. Qxe6 $1 $11 Rxe6 24. b4 Rd8 25. a4 Rd3 26. axb5 axb5 27. Ra5 Nf4 28. Rxb5 Rg6 29. Nh4 Nxh3+ (29... Re6 $11 {keeps the balance.}) 30. Kf1 $1 $16 Rg4 31. Nf3 (31. gxh3 Rxh4 32. Rxe5 Rhxh3 $17) ({Better is} 31. Nf5 $1 $14 Ng5 32. Rxe5) 31... Nf4 $1 $11 32. Nxe5 $2 (32. Rb8+ $11 Kh7 33. Re3 (33. Nxe5 $2 Rh4 $19)) 32... Rh4 $19 33. Kg1 {[%emt 0:00:31] [#] Prevents Rh1+.} Ne2+ {[%emt 0:00:01][%mdl 576] Discovered Attack, Double Attack} 34. Kf1 Nxc3 $2 (34... Rd2 35. g4 (35. Rb8+ $2 Kh7 $19) 35... Rh1+ 36. Kg2 Rxe1) 35. Rb8+ Kh7 36. Kg1 {[%emt 0:00:02] [#] Inhibits Rh1+.} (36. f3 Rh1+ 37. Kf2 Nd1+ 38. Rxd1 Rdxd1 39. Nxc4) 36... Ne2+ $1 37. Kf1 Nc3 $2 (37... Rd2 $19 38. g3 Rh1+ 39. Kg2 Rxe1 40. Nxc4 Ra2) 38. Kg1 $36 {[%emt 0:00:01][%mdl 2048] Against Rh1+. Hoping for g3. White has good play.} Rd2 39. Nf3 Re2 40. Rxe2 (40. Rc1 Rb2 $1 41. Nxh4 Ne2+ 42. Kf1 Nxc1 $17) 40... Nxe2+ {[%emt 0:00:01][%mdl 4096] Endgame KRN-KRN} 41. Kf1 Rxe4 42. Nd2 Re6 43. Nxc4 Nf4 44. b5 {[%emt 0:00:02] Inhibits Rc6.} Re4 ({Don't do} 44... Nd3 45. Ne3 $14) 45. Ne3 Rb4 {[%emt 0:00:01] ( -> ...Rb1+)} 46. Ke1 Rb2 47. Nc4 (47. Kd1 $11 {is more appropriate.}) 47... Re2+ $2 {[%emt 0:00:04] [#]} (47... Nxg2+ $15 48. Kd1 (48. Kf1 Rb4 $17) 48... Rb4) 48. Kd1 $1 $16 {[%emt 0:00:02] Strongly threatening g3.} ({Don't go for} 48. Kf1 $2 Rc2 49. Re8 Rxc4 $19) 48... Re4 49. Ne3 (49. Rc8 $16 {b6 is the strong threat.} Nd5 50. b6 Rxc4 51. Rxc4 Nxb6 52. Rc7) 49... Rb4 $14 50. Kd2 Ne6 (50... Rb2+ $14 51. Kc3 Rxf2) 51. Kc3 $16 Rb1 52. b6 ({White should play} 52. Nc4 $16) 52... Nc5 $1 $14 53. Kc4 Nd7 {[%emt 0:00:00][%csl LRb6,LRb8] The position is equal.} 54. Rb7 Nxb6+ 55. Kd4 Rb2 56. Rxf7 Rd2+ 57. Kc3 Rd7 {What a bad dream for Black.  Weighted Error Value: White=0.37/Black=0.29 (precise)} 1/2-1/2

[Event "Susha Chess Blitz 2022"]
[Site "Shusha"]
[Date "2022.09.24"]
[Round "6"]
[White "Maghsoodloo, Parham"]
[Black "Kasimdzhanov, Rustam"]
[Result "1-0"]
[ECO "D32"]
[WhiteElo "2721"]
[BlackElo "2670"]
[Annotator "TA"]
[PlyCount "79"]
[EventDate "2022.09.24"]
[EventType "tourn"]
[EventCountry "AZE"]
[SourceTitle "playchess.com"]
[Source "ChessBase"]
[SourceQuality "1"]
[TimeControl "180+2"]

1. d4 d5 2. c4 e6 3. Nc3 c5 4. cxd5 exd5 5. Nf3 Nf6 6. Bg5 Be6 7. e3 c4 {[%emt 0:00:02] D32: Tarrasch Defence: Sidelines and lines without g3.} 8. Bxf6 $5 {[%emt 0:00:05][%mdl 4] An interesting side line.} Qxf6 9. a3 {[%emt 0:00:01] [#]} (9. Qa4+ {keeps more tension.} Nc6 10. Bxc4 dxc4 11. d5) 9... a6 $146 {[%emt 0:00:50] The position is equal.} ({Predecessor:} 9... Nc6 10. g3 Qd8 11. Bg2 Be7 12. Ng1 O-O 13. Nge2 Bg5 14. O-O Re8 15. b3 Na5 16. bxc4 Nxc4 {0-1 (40) Martirosyan,H (2632)-Nihal,S (2620) Chess.com INT 2021}) 10. g3 Nd7 {[%emt 0:00:30] Inhibits Ne5.} 11. Bg2 Be7 12. Ng1 Nb6 13. Nge2 O-O 14. Nf4 Bd6 (14... Rad8 $14) 15. Nfxd5 ({Inferior is} 15. Bxd5 Bxf4 16. Bxe6 Bxe3 17. fxe3 fxe6 $15) 15... Nxd5 16. Nxd5 Bxd5 (16... Qd8 $16 {is a better defense.}) 17. Bxd5 $18 Rad8 18. Bxc4 Bxa3 19. Qb3 Bxb2 20. Ra2 (20. Qxb2 $18 Qc6 21. O-O $1 Qxc4 22. Qxb7) 20... b5 $16 (20... Bxd4 $2 21. exd4 b5 22. Be2 $18) 21. Be2 ({Don't do} 21. Qxb2 bxc4 22. O-O Rb8 $14) 21... Qc6 22. O-O Bc3 23. Rc1 $36 {[%emt 0:00:03][%mdl 2048] Keeping Black busy.} Rc8 {[%emt 0:00:06] [#]} 24. Rac2 $1 b4 {[%emt 0:00:01] [#]} 25. Qxb4 Bxb4 26. Rxc6 Rxc6 27. Rxc6 $18 {[%emt 0:00:02][%mdl 4096] Endgame KRB-KRB} a5 28. Rc7 g6 {[%emt 0:00:10] [#]} (28... Kh8 $16 29. Ra7 g6) 29. Bc4 $1 Kg7 30. Ra7 Kf6 31. h4 Bc3 32. Kg2 h6 33. Kf3 Bb4 34. Ke2 Bc3 35. g4 Bb4 36. f4 g5 (36... Kg7 {was necessary.} 37. h5 gxh5 38. gxh5 Bd6) 37. fxg5+ {[%emt 0:00:02] White is clearly winning.} hxg5 38. h5 Bc3 (38... Kg7 $142 39. Kd3 Bd6 40. Rxa5 Kh8 41. Rxg5 Rg8) 39. Kd3 Bb4 40. e4 {[%emt 0:00:01] Weighted Error Value: White=0.12 (very precise) /Black=0.29 (precise)} 1-0